TOP OF THE 1ST |
Corpus Christi Hooks batting - Pitching for Frisco RoughRiders : RHP Eric Richards
|
Pitching: RHP Eric Richards
|
|
Batting: RHB Edgar Trejo
|
0-0: Fly out, F8 (Flyball, 8LD, EV 98.1 MPH)
|
Batting: RHB Masaru Konno
|
0-0: Foul Ball, location: 2F 0-1: Called Strike 0-2: Ball 1-2: Strikes out swinging
|
Batting: RHB Chris Trites
|
0-0: Called Strike 0-1: Called Strike 0-2: Ball 1-2: Ball 2-2: SINGLE (Line Drive, 9LS, EV 102.5 MPH)
|
Batting: RHB Duncan Collins
|
0-0: Swinging Strike 0-1: Ball 1-1: Ball 2-1: Foul Ball, location: 2F 2-2: Foul Ball, location: 2F 2-2: Ball Chris Trites is caught stealing 2nd base 2-4
|
Top of the 1st over - 0 runs, 1 hit, 0 errors, 0 left on base; Corpus Christi 0 - Frisco 0 |
BOTTOM OF THE 1ST |
Frisco RoughRiders batting - Pitching for Corpus Christi Hooks : RHP Muckle Wildriver
|
Pitching: RHP Muckle Wildriver
|
|
Batting: LHB Yoshinari Nara
|
0-0: Swinging Strike 0-1: Ball 1-1: Swinging Strike 1-2: Strikes out swinging
|
Batting: LHB Josh Stuck
|
0-0: Ground out 6-3 (Groundball, 6M, EV 85.6 MPH)
|
Batting: RHB Chance Lamb
|
0-0: Swinging Strike 0-1: Ball 1-1: Called Strike 1-2: Foul Ball, location: 2F 1-2: Ball 2-2: Foul Ball, location: 2F 2-2: Ground out 3-1 (Groundball, 34, EV 83.1 MPH)
|
Bottom of the 1st over - 0 runs, 0 hits, 0 errors, 0 left on base; Corpus Christi 0 - Frisco 0 |
TOP OF THE 2ND |
Corpus Christi Hooks batting - Pitching for Frisco RoughRiders : RHP Eric Richards
|
Batting: RHB Duncan Collins
|
0-0: Ball 1-0: Ball 2-0: Called Strike 2-1: Ball 3-1: Foul Ball, location: 2F 3-2: Base on Balls
|
Batting: RHB Jesus Malave
|
0-0: Ball 1-0: Fly out, F9 (Flyball, 9D, EV 100.6 MPH)
|
Batting: RHB Alex Campos
|
0-0: Grounds into double play, 5-4-3 (Groundball, 5D, EV 89.4 MPH)
|
Top of the 2nd over - 0 runs, 0 hits, 0 errors, 0 left on base; Corpus Christi 0 - Frisco 0 |
BOTTOM OF THE 2ND |
Frisco RoughRiders batting - Pitching for Corpus Christi Hooks : RHP Muckle Wildriver
|
Batting: LHB Jody Hudson
|
0-0: Ball 1-0: Called Strike 1-1: Ball 2-1: Swinging Strike 2-2: Strikes out looking
|
Batting: RHB Danny Weisse
|
0-0: Ball 1-0: Ball 2-0: Ball 3-0: Base on Balls
|
Batting: LHB Joseph Martin
|
0-0: Called Strike Danny Weisse steals 2nd base 0-1: Ball 1-1: Ball 2-1: Swinging Strike 2-2: Foul Ball, location: 2F 2-2: Strikes out swinging
|
Batting: RHB Wally Cangro
|
0-0: Ball 1-0: SINGLE (Flyball, 3D, EV 93.1 MPH) Danny Weisse to third Runner from 3rd tries for Home, SAFE, throw by RF to home Wally Cangro to second
|
Batting: RHB Jordan Fairburn
|
0-0: Foul Ball, location: 2F 0-1: Ball 1-1: Foul Ball, location: 2F 1-2: SINGLE (Line Drive, 34, EV 101.2 MPH) Wally Cangro to third
|
Batting: RHB Luis Arce
|
0-0: Ball 1-0: Ball 2-0: Foul Ball, location: 2F 2-1: Ball 3-1: Reached on error, E6 (Groundball, 6, EV 99.4 MPH) Wally Cangro scores Jordan Fairburn to second
|
Batting: LHB Yoshinari Nara
|
0-0: Ball 1-0: Fly out, F8 (Flyball, 8RM, EV 88.1 MPH)
|
Bottom of the 2nd over - 2 runs, 2 hits, 1 error, 2 left on base; Corpus Christi 0 - Frisco 2 |
TOP OF THE 3RD |
Corpus Christi Hooks batting - Pitching for Frisco RoughRiders : RHP Eric Richards
|
Batting: RHB Juan Mendoza
|
0-0: Ball 1-0: SINGLE (Groundball, 4MD, EV 97.5 MPH)
|
Batting: RHB John Sabean
|
0-0: SINGLE (Groundball, 6D, EV 97.5 MPH) Juan Mendoza to second
|
Batting: RHB Dave Gallegos
|
0-0: Called Strike 0-1: Ball 1-1: Called Strike 1-2: Strikes out swinging
|
Batting: RHB Edgar Trejo
|
0-0: Ball 1-0: Ball 2-0: Called Strike 2-1: Foul Ball, location: 2F 2-2: Foul Ball, location: 2F 2-2: Ball 3-2: Foul Ball, location: 2F 3-2: Foul Ball, location: 2F 3-2: Strikes out swinging
|
Batting: RHB Masaru Konno
|
0-0: Ball 1-0: Swinging Strike 1-1: Swinging Strike 1-2: Strikes out swinging
|
Top of the 3rd over - 0 runs, 2 hits, 0 errors, 2 left on base; Corpus Christi 0 - Frisco 2 |
BOTTOM OF THE 3RD |
Frisco RoughRiders batting - Pitching for Corpus Christi Hooks : RHP Muckle Wildriver
|
Batting: LHB Josh Stuck
|
0-0: Foul Ball, location: 2F 0-1: Ball 1-1: Called Strike 1-2: Reached on error, E5 (Groundball, 56, EV 81.2 MPH)
|
Batting: RHB Chance Lamb
|
0-0: Ball Josh Stuck steals 2nd base 1-0: Ball 2-0: Ball 3-0: Base on Balls
|
Batting: LHB Jody Hudson
|
0-0: Called Strike 0-1: Ball 1-1: Swinging Strike 1-2: Ball 2-2: Ball 3-2: Base on Balls Josh Stuck to third Chance Lamb to second
|
Batting: RHB Danny Weisse
|
0-0: Foul Ball, location: 2F 0-1: Ball 1-1: Foul Ball, location: 2F 1-2: Ball 2-2: Strikes out swinging
|
Batting: LHB Joseph Martin
|
0-0: Ball 1-0: Fly out, F7 (Flyball, 7, EV 81.2 MPH) Runner from 3rd tags up, SCORES, no throw by LF
|
Batting: RHB Wally Cangro
|
0-0: Ball 1-0: Ball 2-0: Swinging Strike 2-1: Swinging Strike 2-2: Ground out U3 (Groundball, 3, EV 81.2 MPH)
|
Bottom of the 3rd over - 1 run, 0 hits, 1 error, 2 left on base; Corpus Christi 0 - Frisco 3 |
TOP OF THE 4TH |
Corpus Christi Hooks batting - Pitching for Frisco RoughRiders : RHP Eric Richards
|
Batting: RHB Chris Trites
|
0-0: Ball 1-0: Ball 2-0: Called Strike 2-1: Ball 3-1: Called Strike 3-2: Ground out 6-3 (Groundball, 6, EV 110.6 MPH)
|
Batting: RHB Duncan Collins
|
0-0: Called Strike 0-1: Swinging Strike 0-2: Strikes out swinging
|
Batting: RHB Jesus Malave
|
0-0: Ball 1-0: Called Strike 1-1: Swinging Strike 1-2: Ball 2-2: Foul Ball, location: 2F 2-2: Strikes out swinging
|
Top of the 4th over - 0 runs, 0 hits, 0 errors, 0 left on base; Corpus Christi 0 - Frisco 3 |
BOTTOM OF THE 4TH |
Frisco RoughRiders batting - Pitching for Corpus Christi Hooks : RHP Muckle Wildriver
|
Batting: RHB Jordan Fairburn
|
0-0: Called Strike 0-1: Foul Ball, location: 2F 0-2: Strikes out swinging
|
Batting: RHB Luis Arce
|
0-0: Called Strike 0-1: Ball 1-1: Foul Ball, location: 2F 1-2: Ball 2-2: Ball 3-2: Foul Ball, location: 2F 3-2: Fly out, F9 (Flyball, 9, EV 81.2 MPH)
|
Batting: LHB Yoshinari Nara
|
0-0: Called Strike 0-1: Swinging Strike 0-2: Foul Ball, location: 2F 0-2: Ball 1-2: Ground out 4-3 (Groundball, 4, EV 83.8 MPH)
|
Bottom of the 4th over - 0 runs, 0 hits, 0 errors, 0 left on base; Corpus Christi 0 - Frisco 3 |
TOP OF THE 5TH |
Corpus Christi Hooks batting - Pitching for Frisco RoughRiders : RHP Eric Richards
|
Batting: RHB Alex Campos
|
0-0: Ball 1-0: Ground out 6-3 (Groundball, 6, EV 110.0 MPH)
|
Batting: RHB Juan Mendoza
|
0-0: Called Strike 0-1: Fly out, F8 (Flyball, 89M, EV 87.5 MPH)
|
Batting: RHB John Sabean
|
0-0: Swinging Strike 0-1: Ball 1-1: Ball 2-1: Ball 3-1: Swinging Strike 3-2: Foul Ball, location: 2F 3-2: Strikes out looking
|
Top of the 5th over - 0 runs, 0 hits, 0 errors, 0 left on base; Corpus Christi 0 - Frisco 3 |
BOTTOM OF THE 5TH |
Frisco RoughRiders batting - Pitching for Corpus Christi Hooks : RHP Muckle Wildriver
|
Batting: LHB Josh Stuck
|
0-0: Called Strike 0-1: Ball 1-1: Swinging Strike 1-2: Strikes out looking
|
Batting: RHB Chance Lamb
|
0-0: Called Strike 0-1: Ball 1-1: Swinging Strike 1-2: Ball 2-2: Strikes out swinging
|
Batting: LHB Jody Hudson
|
0-0: Foul Ball, location: 2F 0-1: Ball 1-1: Ball 2-1: Ball 3-1: Base on Balls
|
Pitching: RHP Alexander Hagan
|
|
Batting: RHB Danny Weisse
|
0-0: Called Strike 0-1: Ball Jody Hudson is caught stealing 2nd base 2-4
|
Bottom of the 5th over - 0 runs, 0 hits, 0 errors, 0 left on base; Corpus Christi 0 - Frisco 3 |
TOP OF THE 6TH |
Corpus Christi Hooks batting - Pitching for Frisco RoughRiders : RHP Eric Richards
|
Batting: RHB Dave Gallegos
|
0-0: Ball 1-0: Ball 2-0: Ball 3-0: Base on Balls
|
Batting: RHB Edgar Trejo
|
0-0: Called Strike 0-1: Ball 1-1: Ball 2-1: Ball 3-1: Base on Balls Dave Gallegos to second
|
Batting: RHB Masaru Konno
|
0-0: Called Strike 0-1: Foul Ball, location: 2F 0-2: Foul Ball, location: 2F 0-2: Ball 1-2: Strikes out swinging
|
Batting: RHB Chris Trites
|
0-0: Ball 1-0: Called Strike 1-1: Called Strike 1-2: Strikes out swinging
|
Batting: RHB Duncan Collins
|
0-0: Called Strike 0-1: Fielders Choice at 2nd, U4 (Groundball, 4M, EV 89.4 MPH)
|
Top of the 6th over - 0 runs, 0 hits, 0 errors, 2 left on base; Corpus Christi 0 - Frisco 3 |
BOTTOM OF THE 6TH |
Frisco RoughRiders batting - Pitching for Corpus Christi Hooks : RHP Alexander Hagan
|
Batting: RHB Danny Weisse
|
0-0: Ball 1-0: Fly out, F9 (Flyball, 9S, EV 83.1 MPH)
|
Batting: LHB Joseph Martin
|
0-0: Called Strike 0-1: Fly out, F3 (Popup, 3, EV 68.8 MPH)
|
Batting: RHB Wally Cangro
|
0-0: Foul Ball, location: 2F 0-1: Ball 1-1: DOUBLE (Flyball, 8LXD, EV 99.4 MPH)
|
Batting: RHB Jordan Fairburn
|
0-0: Called Strike 0-1: SINGLE (Flyball, 8LS, EV 96.9 MPH) Wally Cangro to third Throwing error, E8 Wally Cangro scores Jordan Fairburn to second
|
Batting: RHB Luis Arce
|
0-0: Ball 1-0: Ball 2-0: Ground out 6-3 (Groundball, 4M, EV 85.0 MPH)
|
Bottom of the 6th over - 1 run, 2 hits, 1 error, 1 left on base; Corpus Christi 0 - Frisco 4 |
TOP OF THE 7TH |
Corpus Christi Hooks batting - Pitching for Frisco RoughRiders : RHP Eric Richards
|
Batting: RHB Jesus Malave
|
0-0: Foul Ball, location: 2F 0-1: Swinging Strike 0-2: Ball 1-2: Foul Ball, location: 2F 1-2: Strikes out swinging, 2-3 out at first.
|
Batting: RHB Alex Campos
|
0-0: Called Strike 0-1: Foul Ball, location: 2F 0-2: Strikes out swinging
|
Batting: RHB Juan Mendoza
|
0-0: Foul Ball, location: 2F 0-1: Ball 1-1: Called Strike 1-2: Hit by Pitch
|
Batting: RHB John Sabean
|
0-0: Called Strike 0-1: Ball 1-1: Foul Ball, location: 2F 1-2: Ball 2-2: Strikes out swinging
|
Top of the 7th over - 0 runs, 0 hits, 0 errors, 1 left on base; Corpus Christi 0 - Frisco 4 |
BOTTOM OF THE 7TH |
Frisco RoughRiders batting - Pitching for Corpus Christi Hooks : RHP Alexander Hagan
|
Batting: LHB Yoshinari Nara
|
0-0: Ball 1-0: Called Strike 1-1: Foul Ball, location: 2F 1-2: Foul Ball, location: 2F 1-2: Reached on error, E3 (Groundball, 34D, EV 90.6 MPH)
|
Batting: LHB Josh Stuck
|
0-0: Ball Yoshinari Nara steals 2nd base 1-0: Swinging Strike 1-1: Ball 2-1: Bunt missed! 2-2: Ball 3-2: Base on Balls
|
Batting: RHB Chance Lamb
|
0-0: Ball 1-0: Swinging Strike 1-1: Called Strike 1-2: Ball 2-2: Strikes out swinging
|
Batting: LHB Jody Hudson
|
0-0: Ball 1-0: Called Strike 1-1: Ball 2-1: Swinging Strike 2-2: Ball 3-2: Base on Balls Yoshinari Nara to third Josh Stuck to second
|
Batting: RHB Danny Weisse
|
0-0: Foul Ball, location: 2F 0-1: Fly out, F9 (Flyball, 89S, EV 84.4 MPH) Runner from 3rd tags up, SCORES, throw by RF Josh Stuck to third
|
Batting: LHB Joseph Martin
|
0-0: Ball 1-0: Called Strike 1-1: Swinging Strike 1-2: Strikes out swinging
|
Bottom of the 7th over - 1 run, 0 hits, 1 error, 2 left on base; Corpus Christi 0 - Frisco 5 |
TOP OF THE 8TH |
Corpus Christi Hooks batting - Pitching for Frisco RoughRiders : RHP Eric Richards
|
Batting: RHB Dave Gallegos
|
0-0: Foul Ball, location: 2F 0-1: Ball 1-1: Swinging Strike 1-2: Reached on error, E6 (Groundball, 6, EV 96.2 MPH)
|
Batting: RHB Edgar Trejo
|
0-0: Ball 1-0: Called Strike 1-1: Foul Ball, location: 2F 1-2: Strikes out swinging
|
Batting: RHB Masaru Konno
|
0-0: Ball 1-0: Ball 2-0: Ball 3-0: Called Strike 3-1: Called Strike 3-2: Foul Ball, location: 2F 3-2: Foul Ball, location: 2F 3-2: Strikes out swinging
|
Batting: RHB Chris Trites
|
0-0: Ground out 6-3 (Groundball, 56, EV 101.9 MPH)
|
Top of the 8th over - 0 runs, 0 hits, 1 error, 1 left on base; Corpus Christi 0 - Frisco 5 |
BOTTOM OF THE 8TH |
Frisco RoughRiders batting - Pitching for Corpus Christi Hooks : RHP Alexander Hagan
|
Batting: RHB Wally Cangro
|
0-0: Called Strike 0-1: Swinging Strike 0-2: Ball 1-2: Strikes out swinging
|
Batting: RHB Jordan Fairburn
|
0-0: Called Strike 0-1: Called Strike 0-2: Ball 1-2: Ball 2-2: Foul Ball, location: 2F 2-2: Ball 3-2: Fly out, F8 (Flyball, 8RD, EV 75.6 MPH)
|
Batting: RHB Luis Arce
|
0-0: Ball 1-0: Ball 2-0: Ball 3-0: Called Strike 3-1: Base on Balls
|
Pitching: RHP Jayson Campbell
|
|
Batting: LHB Yoshinari Nara
|
0-0: Called Strike 0-1: Called Strike 0-2: Ball Luis Arce steals 2nd base (no throw) 1-2: Strikes out swinging
|
Bottom of the 8th over - 0 runs, 0 hits, 0 errors, 1 left on base; Corpus Christi 0 - Frisco 5 |
TOP OF THE 9TH |
Corpus Christi Hooks batting - Pitching for Frisco RoughRiders : RHP Eric Richards
|
Batting: RHB Duncan Collins
|
0-0: Ball 1-0: Called Strike 1-1: Ball 2-1: SOLO HOME RUN (Flyball, 7D, EV 102.5 MPH), Distance : 401 ft
|
Pitching: LHP Alex Boites
|
|
Batting: RHB Jesus Malave
|
0-0: Swinging Strike 0-1: Called Strike 0-2: Strikes out swinging
|
Batting: RHB Alex Campos
|
0-0: Ball 1-0: Ground out 4-3 (Groundball, 4, EV 87.5 MPH)
|
Batting: RHB Juan Mendoza
|
0-0: Ball 1-0: Foul Ball, location: 2F 1-1: Ball 2-1: SINGLE (Groundball, 56D, EV 96.2 MPH)
|
Batting: RHB John Sabean
|
0-0: Called Strike 0-1: Foul Ball, location: 2F 0-2: Strikes out swinging
|
Top of the 9th over - 1 run, 2 hits, 0 errors, 1 left on base; Corpus Christi 1 - Frisco 5 |
|